 Dungeon Crawl Stone Soup version 0.23-b1-3-gdda8187 (webtiles) character file.

Game seed: 868578401813841386

37 redwoodhats the Magician (level 3, -1/28 HPs)
             Began as a Naga Wizard on Jan 31, 2019.
             Slain by a jackal (2 damage)
             ... on level 1 of the Dungeon.
             The game lasted 00:19:19 (1804 turns).

redwoodhats the Magician (Naga Wizard)              Turns: 1804, Time: 00:19:19

Health: -1/28      AC:  2    Str:  9    XL:     3   Next: 41%
Magic:  0/8        EV: 10    Int: 19    God:
Gold:   86         SH:  0    Dex:  9    Spells: 5/9 levels left

rFire    . . .     SeeInvis +   (no weapon)
rCold    . . .     Gourm    .   (no shield)
rNeg     . . .     Faith    .   a - +0 robe
rPois    +         Spirit   .   b - +0 hat
rElec    .         Reflect  .   (no cloak)
rCorr    .         Harm     .   (no gloves)
MR       .....                  (no barding)
Stlth    ++........             (no amulet)
HPRegen  0.09/turn              (no ring)
MPRegen  0.11/turn              (no ring)

@: very slightly contaminated, very slow
A: large, see invisible, deformed body, poison resistance, slowness 2, slow
metabolism 1, spit poison 1, AC +1
a: Spit Poison


You were on level 1 of the Dungeon.
You were not hungry.

You visited 1 branch of the dungeon, and saw 2 of its levels.

You collected 86 gold pieces.

Inventory:

Hand Weapons
 e - a +0 short sword
 f - a +0 dagger
Armour
 a - a +0 robe (worn)
 b - a +0 hat (worn)
 g - a cursed +0 ring mail
Potions
 i - a potion of cancellation
Comestibles
 d - a ration


   Skills:
 + Level 0.1 Fighting
 + Level 1.9 Dodging
 + Level 3.5 Stealth
 + Level 3.8 Spellcasting
 + Level 1.0 Conjurations
   Level 1.0 Summonings
   Level 1.0 Translocations


You had 5 spell levels left.
You knew the following spells:

 Your Spells              Type           Power        Failure   Level  Hunger
a - Magic Dart            Conj           #...         9%          1    None
b - Conjure Flame         Conj/Fire      #.......     34%         3    ###....

Your spell library contained the following spells:

 Spells                   Type           Power        Failure   Level  Hunger
 Blink                    Tloc           N/A          14%         2    ##.....
 Call Imp                 Summ           #.......     14%         2    ##.....
 Slow                     Hex            #.......     22%         2    ##.....
 Mephitic Cloud           Conj/Pois/Air  #.......     36%         3    ###....


Dungeon Overview and Level Annotations

Branches:
Dungeon (2/15)

Altars:

Annotations:
D:2 1 runed translucent door, Crazy Yiuf, Natasha


Innate Abilities, Weirdness & Mutations

You cannot wear boots.
Your serpentine skin is tough. (AC +1)
You have supernaturally acute eyesight. (SInv)
Armour fits poorly on your strangely shaped body.
Your system is resistant to poisons. (rPois)
You cover ground very slowly.
You have a slow metabolism.
You can spit poison.


Message History

Aiming: Magic Dart (safe; 9% risk of failure)
Press: ? - help, Shift-Dir - straight line, f - jackal
Aim: a jackal The magic dart hits the jackal.
The jackal is lightly wounded.
The jackal bites you but does no damage.
The jackal bites you.
* * * LOW HITPOINT WARNING * * *
Casting: Magic Dart (safe; 9% risk of failure)
Confirm with . or Enter, or press ? or * to list all spells.
Aiming: Magic Dart (safe; 9% risk of failure)
Press: ? - help, Shift-Dir - straight line, f/p - jackal
Aim: a jackal (lightly wounded)
The magic dart hits the jackal.
The jackal is heavily wounded.
The jackal barely misses you.
Unknown command.
The jackal barely misses you. The jackal bites you.
You die...

#.####.###.##.#.####.
#.†..#.###.##.#.####.
####.#...#.##.#....#.
################.###.#.##.####.#.
..............................>#.
#.####################.#######.#.
#.# #...........# #.#. #.#
###.#################.#. #.#
#......@h.............#. #.#
#.#####################. #.# #.#
#. ..# #.# ## ..# #.######
######### ..# ##'##Z#M#
#####Z#^#Z#^# ..#
###...#########Z#^######### ..#
#^#.>.....#Z#^#####........ ).#
###...###.#####............


You could see a jackal.

Vanquished Creatures
  A dart slug (D:1)
  2 giant cockroaches
  5 goblins
  4 hobgoblins
  3 jackals (D:1)
  3 kobolds
  6 bats
  A frilled lizard (D:2)
  8 rats
33 creatures vanquished.

Notes
Turn   | Place    | Note
-------+----------+-------------------------------------------
     0 | D:1      | redwoodhats the Naga Wizard began the quest for the Orb.
     0 | D:1      | Reached XP level 1. HP: 15/15 MP: 4/4
   354 | D:1      | Reached XP level 2. HP: 9/22 MP: 1/6
  1001 | D:1      | Reached XP level 3. HP: 28/28 MP: 4/8
  1298 | D:1      | Learned a level 3 spell: Conjure Flame
  1344 | D:2      | Noticed Natasha
  1537 | D:2      | Found a runed translucent door.
  1538 | D:2      | Noticed Crazy Yiuf
  1801 | D:1      | HP: 1/28 [jackal (2)]
  1804 | D:1      | Slain by a jackal

Action                   || total
-------------------------++-------
Melee: Unarmed           ||     2
       Dagger            ||     3
 Cast: Magic Dart        ||    81
       Conjure Flame     ||     3
  Use: Potion            ||     3
       Scroll            ||     3
  Eat: Ration            ||     1
Armor: Robe              ||    18
Dodge: Dodged            ||    33
